 Dungeon Crawl Stone Soup version 0.29-a0-275-g389c0b56f3 (webtiles) character file.

Game seed: 5510241357200331832

114 jimonade the Skirmisher (level 4, -1/42 HPs)
             Began as a Minotaur Berserker on Mar 11, 2022.
             Was a Believer of Trog.
             Slain by an orc wizard
             ... wielding a +0 dagger
              (3 damage)
             ... on level 3 of the Dungeon.
             The game lasted 00:12:14 (3217 turns).

jimonade the Skirmisher (Minotaur Berserker)        Turns: 3217, Time: 00:12:15

Health: -1/42      AC: 10    Str: 23    XL:     4   Next: 66%
Magic:  3/3        EV:  8    Int:  4    God:    Trog [**....]
Gold:   189        SH:  5    Dex: 10    Spells: 3/3 levels left

rFire   . . .      SeeInvis .   a - +0 hand axe
rCold   . . .      Faith    .   (no shield)
rNeg    . . .      Spirit   .   z - +0 chain mail
rPois   .          Reflect  +   (helmet restricted)
rElec   .          Harm     .   w - +0 cloak
rCorr   .          Rampage  .   (no gloves)
Will    .....                   (no boots)
Stlth   ..........              A - amulet of reflection
HPRegen 0.14/turn               (no ring)
MPRegen 0.08/turn               (no ring)

@: no status effects
A: horns 2, retaliatory headbutt
a: Renounce Religion, Berserk, Trog's Hand


You were on level 3 of the Dungeon.
You worshipped Trog.
Trog was pleased with you.
You visited 1 branch of the dungeon, and saw 4 of its levels.

You collected 189 gold pieces.

Inventory:

Hand Weapons
 a - a +0 hand axe (weapon)
 c - a +0 spear
 h - a +0 club
 k - a +0 hand axe
 l - a +0 hand axe
 s - a +0 short sword
Missiles
 j - 2 javelins (quivered)
 m - 125 stones
Armour
 b - a +0 animal skin
 f - a +0 ring mail
 t - a +0 animal skin
 w - a +0 cloak (worn)
 z - a +0 chain mail (worn)
Jewellery
 A - an amulet of reflection (around neck)
Scrolls
 e - 8 scrolls of identify {unknown}
 o - a scroll of fear {unknown}
 p - a scroll of vulnerability {unknown}
 q - 2 scrolls of holy word {unknown}
 u - 3 scrolls of amnesia {unknown}
 v - a scroll of noise {unknown}
 x - a scroll of teleportation {unknown}
 y - a scroll of enchant armour {unknown}
Potions
 d - a potion of flight {unknown}
 g - 2 potions of curing {unknown}
 i - a potion of lignification {unknown}
 n - a potion of might
 r - 2 potions of heal wounds {unknown}


   Skills:
 * Level 5.1 Fighting
 + Level 5.0 Axes
 * Level 3.2 Armour
 - Level 2.1 Dodging
 + Level 0.1 Stealth


You had 3 spell levels left.
You didn't know any spells.
Your spell library contained the following spells:

 Spells                   Type           Power      Damage    Failure   Level
 Sting                    Tmut/Pois      0%         1d3       99%         1
 Poisonous Vapours        Pois/Air       0%         N/A       100%        2
 Ozocubu's Armour         Ice            0%         N/A       100%        3
 Olgreb's Toxic Radiance  Pois           0%         N/A       100%        4
 Ozocubu's Refrigeration  Ice            0%         4d5       100%        7


Dungeon Overview and Level Annotations

Branches:
Dungeon (4/15)
 Temple: D:4-7

Altars:

Shops:
D:4 (

Annotations:
D:3 1 runed translucent door, Crazy Yiuf
D:4 Menkaure


Innate Abilities, Weirdness & Mutations

You have a pair of horns on your head.
You reflexively headbutt those who attack you in melee.


Message History

Something hits you.
* * * LOW HITPOINT WARNING * * *
You climb upwards.
Level annotation: 1 runed translucent door, Crazy Yiuf Reactivating autopickup.
There is a stone staircase leading down here.
Something hits you but does no damage.
Deactivating autopickup; reactivate with Ctrl-A.
You start resting.
Something hits you but does no damage.
You start resting.
Something hits you but does no damage. Something hits you.
* * * LOW HITPOINT WARNING * * *
You start resting.
Something hits you but does no damage. Something hits you but does no damage.
You start resting.
Something hits you.
* * * LOW HITPOINT WARNING * * *
Something hits you but does no damage.
You start resting.
You block something's attack.
You start resting.
You hear some strange, mumbled words.
A magic dart appears from out of thin air!
The magic dart hits you but does no damage.
You start resting.
Something hits you but does no damage.
You start resting.
Something hits you but does no damage. Something hits you.
* * * LOW HITPOINT WARNING * * *
You hit something but do no damage. Something hits you but does no damage.
You start resting.
Something hits you but does no damage.
You closely miss something. Something hits you.
* * * LOW HITPOINT WARNING * * *
You start resting.
You hear some strange, mumbled words.
A puff of flame appears from out of thin air!
The puff of flame hits you!
* * * LOW HITPOINT WARNING * * *
Something hits you but does no damage.
Press: ? - help, v - describe, . - travel The floor.
You closely miss something. Something hits you.
You die...

####.#####.........###.##.##...).
#.# #.#.......# #.##.##.#### #.#
#.#.......# #.##.##†# #.##
#.#.......# #.......# #..#
#.#.>....## ###...### #####.#
#.#......# ##.....## #.###.#
#.###..#.# ##.......##
...##.####........###.........###
......>........{@...+.........+..
...##.#.##.........##.........###
#.###.#.##.###..##.###.......##
#.##..#.##.# #.###.# ##.....##
#.##.##.##.###.###.# ##...##
#.##.##.##.........# ##+##
#.......######.##### #.#
####.#### #.#### #.# #.# #.##.##
##.##


There were no monsters in sight!

Vanquished Creatures
  Robin (D:2)
  A gnoll (D:1)
  2 adders
  2 dart slugs
  5 giant cockroaches
  3 hobgoblins
  8 jackals
  4 quokkas
  5 ball pythons
  9 bats
  3 frilled lizards
  15 goblins
  4 kobolds
  5 rats
67 creatures vanquished.

Notes
Turn   | Place    | Note
-------+----------+-------------------------------------------
     0 | D:1      | jimonade the Minotaur Berserker began the quest for the
                  | Orb.
     0 | D:1      | Reached XP level 1. HP: 19/19 MP: 0/0
    23 | D:1      | Reached XP level 2. HP: 11/27 MP: 1/1
   734 | D:1      | Reached XP level 3. HP: 31/34 MP: 2/2
   911 | D:1      | Reached ** piety under Trog
  1267 | D:2      | Noticed Robin
  1296 | D:2      | Killed Robin
  1297 | D:2      | Reached XP level 4. HP: 26/41 MP: 3/3
  1566 | D:2      | Reached skill level 5 in Fighting
  1739 | D:2      | Found a faded altar of an unknown god.
  2956 | D:3      | Found a runed translucent door.
  2957 | D:3      | Noticed Crazy Yiuf
  3033 | D:4      | Found Nabb's Weapon Emporium.
  3049 | D:4      | Noticed Menkaure
  3083 | D:4      | Reached skill level 5 in Axes
  3215 | D:3      | HP: 2/42 [something/puff of flame (8)]
  3217 | D:3      | Slain by an orc wizard

Illustrated notes

Levels and vault maps discovered:
D:1:      giann_horns, layout_loops_cross
D:2:      layout_loops_ring, hellmonk_ecumenical_altar_inner_sanctum,
          grunt_decor_resistance, solitary_fountain, uniq_robin
D:3:      layout_loops_corners, uniq_crazy_yiuf_cottage
D:4:      layout_basic, kennysheep_mini_moat, nicolae_overflow_squiral,
          gup_ossuary_entry_pyramid, portal_sewer_entry_a, serial_shops,
          nicolae_shop_bloodbath_and_beyond, small_statue_intersection,
          uniq_menkaure

Skill      XL: |  1  2  3  4 |
---------------+-------------+-----
Fighting       | 4 5 |  5.1
Axes           | 4 5 |  5.0
Armour         | 3 |  3.2
Dodging        | |  2.1
Stealth        | |  0.1

Action                   |  1- 3 |  4- 6 || total
-------------------------+-------+-------++-------
Melee: Hand axe          |    87 |    64 ||   151
       Headbutt          |    15 |     2 ||    17
Armor: Animal skin       |    24 |    10 ||    34
       Chain mail        |       |    27 ||    27
Dodge: Dodged            |    55 |    25 ||    80
Block: Other             |       |     4 ||     4
       Reflection        |       |     1 ||     1

Table legend: (Time is in decaauts)
 A = Elapsed time spent in this place.
 B = Non-inter-level travel time spent in this place.
 C = Inter-level travel time spent in this place.
 D = Time resting spent in this place.
 E = Time spent auto-exploring this place.
 F = Levels seen in this place.
 G = Mean time per level.
                   A        B        C        D        E       F      G
               +--------+--------+--------+--------+--------+-----+--------+
         Total |   3229 |   3068 |    161 |    279 |   1989 |   4 |  807.2 |
       Dungeon |   3229 |   3068 |    161 |    279 |   1989 |   4 |  807.2 |
               +--------+--------+--------+--------+--------+-----+--------+

Top non-repeatable levels by time:
     D:2: 1070 daAuts
     D:1: 1050 daAuts
     D:3: 962 daAuts
     D:4: 147 daAuts
